 Dungeon Crawl Stone Soup version 0.19.1 (webtiles) character file.

754 spooks32 the Archer (level 7, -1/60 HPs)
             Began as a Centaur Hunter on Dec 21, 2016.
             Slain by an ogre
             ... wielding a +0 giant club
              (11 damage)
             ... on level 5 of the Dungeon.
             The game lasted 00:16:45 (4677 turns).

spooks32 the Archer (Centaur Hunter)                Turns: 4677, Time: 00:16:45

Health: -1/60      AC:  4    Str: 14    XL:     7   Next: 49%
Magic:  7/7        EV:  9    Int: 10    God:
Gold:   167        SH:  0    Dex: 12    Spells: 0 memorised, 6 levels left

rFire  . . .     SeeInvis .     a - +1 shortbow
rCold  . . .     Gourm    .     c - +0 leather armour
rNeg   . . .     Faith    .     (shield currently unavailable)
rPois  .         Spirit   .     (no helmet)
rElec  .         Reflect  .     (no cloak)
rCorr  .         Harm     .     (no gloves)
MR     .....                    (no barding)
Stlth  +.........               (no amulet)
                                (no ring)
                                (no ring)

@: very quick
A: hooves 3, deformed body, speed 2, tough skin 3
a: no special abilities


You were on level 5 of the Dungeon.
You were not hungry.

You visited 1 branch of the dungeon, and saw 6 of its levels.

You collected 167 gold pieces.

Inventory:

Hand Weapons
 a - a +1 shortbow (weapon)
 g - a +0 trident
Missiles
 d - 14 arrows (quivered)
Armour
 c - a +0 leather armour (worn)
 p - a +0 ring mail
Jewellery
 b - an uncursed ring of ice {unknown}
Wands
 q - a wand of random effects (7/48)
Scrolls
 f - a scroll of remove curse
 i - a scroll of immolation {unknown}
 m - a scroll of fog {unknown}
 o - a scroll of magic mapping {unknown}
 s - 4 scrolls of fear
Potions
 e - 4 potions of flight
 h - a potion of brilliance {unknown}
 j - a potion of mutation {unknown}
 l - a potion of cure mutation {unknown}
 n - a potion of cancellation
Comestibles
 r - a meat ration


   Skills:
 * Level 4.8 Fighting
   Level 0.3 Short Blades
 - Level 1.5 Polearms
 * Level 9.5 Bows
 - Level 1.6 Armour
 - Level 1.3 Dodging
 + Level 0.7 Stealth


You had 6 spell levels left.
You didn't know any spells.

Dungeon Overview and Level Annotations

Branches:
Dungeon (6/15)
 Temple: D:4-7

Altars:
Trog
The Shining One

Annotations:
D:6 Sigmund


Innate Abilities, Weirdness & Mutations

You have hooves in place of feet.
Armour fits poorly on your strangely shaped body.
You cover ground very quickly.
You have extremely tough skin. (AC +3)


Message History

Aim: an ogre, wielding a giant club You shoot an arrow.
The arrow hits the ogre.
The ogre is lightly wounded.
Firing (i - inventory):
d - 16 arrows (quivered)
Press: ? - help, Shift-Dir - straight line, f/p - ogre
Aim: an ogre, wielding a giant club (lightly wounded)
You shoot an arrow.
The arrow hits the ogre but does no damage.
The ogre is lightly wounded.
Firing (i - inventory):
d - 15 arrows (quivered)
Press: ? - help, Shift-Dir - straight line, f/p - ogre
Aim: an ogre, wielding a giant club (lightly wounded)
Okay, then.
Firing (i - inventory):
d - 15 arrows (quivered)
Press: ? - help, Shift-Dir - straight line, f/p - ogre
Aim: an ogre, wielding a giant club (lightly wounded)
You shoot an arrow. The arrow hits the ogre.
The ogre is lightly wounded.
The ogre hits you with a giant club!
You die...

#...........####.....
#...........###......
#....######...#......
###.## ###......## #..#
##.###.# #..# #..# #...
#..## #.## ...# ###...#
##... .... ##...@.##
#..# .#..
##....O..####.#####....
#.....O...##........ #.
#.......#.....# #.###.
#......(##....####.....
##......(..#......##...
#........##>...........
#........##............
#........#.......##....


You could see 2 ogres.

Vanquished Creatures
  An orc warrior (D:6)
  A necrophage (D:6)
  A bullfrog (D:6)
  A scorpion (D:4)
  A howler monkey (D:5)
  A crimson imp (D:6)
  A hound (D:5)
  A jelly (D:5)
  3 orc wizards
  An orc priest (D:5)
  A bullfrog skeleton (D:5)
  A centaur skeleton (D:5)
  A worker ant (D:5)
  4 adders
  A shadow imp (D:5)
  An ooze (D:3)
  An adder skeleton (D:5)
  3 worms (D:2)
  A dart slug (D:3)
  3 leopard geckos
  10 orcs
  3 ball pythons
  2 bats
  3 giant cockroaches
  A goblin (D:1)
  8 hobgoblins
  13 jackals
  9 kobolds
  A quokka (D:5)
  3 frilled lizards
  A quokka skeleton (D:5)
  6 rats
89 creatures vanquished.

Notes
Turn   | Place    | Note
-------+----------+-------------------------------------------
     0 | D:1      | spooks32 the Centaur Hunter began the quest for the Orb.
     0 | D:1      | Reached XP level 1. HP: 17/17 MP: 1/1
   345 | D:1      | Reached XP level 2. HP: 21/24 MP: 2/2
   663 | D:2      | Reached skill level 6 in Bows
   664 | D:2      | Found a bloodstained altar of Trog.
   802 | D:2      | Found a glowing golden altar of the Shining One.
  1025 | D:2      | Reached XP level 3. HP: 30/30 MP: 3/3
  1777 | D:3      | Reached XP level 4. HP: 37/37 MP: 4/4
  1887 | D:3      | Reached skill level 1 in Armour
  2117 | D:4      | Reached skill level 1 in Polearms
  2241 | D:4      | Reached XP level 5. HP: 45/45 MP: 5/5
  2253 | D:4      | Noticed an ogre
  2308 | D:3      | Found a faded altar of an unknown god.
  3016 | D:5      | Entered Level 5 of the Dungeon
  3034 | D:5      | Reached skill level 7 in Bows
  3116 | D:5      | Reached XP level 6. HP: 32/51 MP: 6/6
  3585 | D:5      | Reached skill level 8 in Bows
  4365 | D:6      | Reached XP level 7. HP: 52/59 MP: 7/7
  4440 | D:6      | Reached skill level 9 in Bows
  4652 | D:6      | Noticed Sigmund
  4677 | D:5      | Slain by an ogre

Skill      XL: |  1  2  3  4  5  6  7 |
---------------+----------------------+-----
Bows           | 6 7 8 9 |  9.5
Armour         | 1 |  1.6
Fighting       | 3 4 |  4.8
Polearms       | 1 |  1.5
Short Blades   | |  0.3
Dodging        | |  1.3
Stealth        | |  0.7

Action                   |  1- 3 |  4- 6 |  7- 9 || total
-------------------------+-------+-------+-------++-------
Melee: Short sword       |    33 |       |       ||    33
       Kick              |    15 |    26 |     3 ||    44
       Spear             |    94 |    97 |       ||   191
       Trident           |       |    12 |    10 ||    22
 Fire: Shortbow          |    30 |    90 |    37 ||   157
  Use: Scroll            |     3 |     6 |       ||     9
       Potion            |       |     4 |       ||     4
  Eat: Bread ration      |     1 |       |     1 ||     2
       Beef jerky        |       |     1 |       ||     1
       Fruit             |       |     3 |       ||     3
       Chunk             |       |     1 |       ||     1
Armor: Leather armour    |    38 |    32 |     2 ||    72
Dodge: Dodged            |    61 |    63 |     8 ||   132
